 Dungeon Crawl Stone Soup version 0.31.0-9-g3a7656b989 (console) character file.

Game seed: 14093577956809631854

956 AlterAsc the Cleaver (level 8, -8/58 HPs)
             Began as a Formicid Fighter on Jan 31, 2024.
             Was an Initiate of Okawaru.
             Mangled by an ogre
             ... wielding a +0 giant spiked club
              (21 damage)
             ... on level 5 of the Dungeon.
             The game lasted 00:08:38 (4044 turns).

AlterAsc the Cleaver (Formicid Fighter)             Turns: 4044, Time: 00:08:39

Health: -8/58      AC:  9    Str: 24    XL:     8   Next: 36%
Magic:  8/8        EV:  9    Int:  7    God:    Okawaru [......]
Gold:   265        SH: 10    Dex: 13    Spells: 7/7 levels left

rFire   . . .        a - +0 war axe
rCold   . . .        c - +0 buckler
rNeg    . . .        b - +0 scale mail
rPois   .            (helmet unavailable)
rElec   .            (no cloak)
rCorr   .            n - +0 pair of gloves
SInv    +            g - +0 pair of boots
Will    .....        r - amulet of reflection Stlth
                     (no ring)
HPRegen 0.29/turn    (no ring)
MPRegen 0.11/turn

%: reflection
@: no status effects
A: permanent stasis, dig shafts and tunnels, antennae 3, four strong arms
a: Dig, Shaft Self, Renounce Religion


You were on level 5 of the Dungeon.
You worshipped Okawaru.
Okawaru was noncommittal.
You visited 2 branches of the dungeon, and saw 7 of its levels.

You collected 265 gold pieces.

Inventory:

Hand Weapons
 a - a +0 war axe (weapon)
 h - a +0 spear of freezing
Armour
 b - a +0 scale mail (worn)
 c - a +0 buckler (worn)
 g - a +0 pair of boots (worn)
 n - a +0 pair of gloves (worn)
Jewellery
 d - a ring of positive energy
 p - a ring of protection from cold
 r - an amulet of reflection (around neck)
 u - an amulet of the acrobat
Wands
 q - a wand of light (10)
 t - a wand of iceblast (11)
Scrolls
 e - a scroll of butterflies {unknown}
 f - a scroll of blinking {unknown}
 i - a scroll of silence {unknown}
 j - 2 scrolls of amnesia {unknown}
 k - a scroll of poison {unknown}
 o - a scroll of revelation {unknown}
 s - a scroll of teleportation {unknown}
Potions
 l - 3 potions of curing
 m - 4 potions of lignification


   Skills:
 - Level 3.2 Fighting
 + Level 9.3 Axes
 - Level 3.2 Armour
 - Level 4.0 Shields


You had 7 spell levels left.
You didn't know any spells.
Your spell library contained the following spells:

 Spells                   Type           Power      Damage    Failure   Level
 Necrotise                Necr           0%         1d4       80%         1
 Ensorcelled Hibernation  Hex/Ice        0%         N/A       90%         2
 Scorch                   Fire           0%         2d5       90%         2
 Fugue of the Fallen      Necr           0%         N/A       99%         3
 Vampiric Draining        Necr           0%         2d6       99%         3
 Anguish                  Hex/Necr       0%         N/A       100%        4
 Flame Wave               Conj/Fire      0%         2d4       100%        4
 Curse of Agony           Necr           0%         N/A       100%        5
 Borgnjor's Revivificati  Necr           0%         N/A       100%        8
 Death's Door             Necr           0%         N/A       100%        9
 Martyr's Knell           Necr/Summ      Unusable   N/A       N/A         4
 Summon Cactus Giant      Summ           Unusable   N/A       N/A         6
 Haunt                    Necr/Summ      Unusable   N/A       N/A         7

Dungeon Overview and Level Annotations

Branches:
Dungeon (6/15)             Temple (1/1) D:5

Altars:
Ashenzari
Dithmenos
Fedhas
Gozag
Hepliaklqana
Kikubaaqudgha
Nemelex Xobeh
Okawaru
Qazlal
Ru
Sif Muna
Uskayaw
Vehumet
Yredelemnul

Shops:
D:5 (

Annotations:
D:3 exclusion: statue


Innate Abilities, Weirdness & Mutations

You cannot be hasted, slowed, berserked, paralysed or teleported.
You can dig through walls and to a lower floor.
You have a pair of large antennae on your head. (SInv)
Your four strong arms can wield two-handed weapons with a shield.


Message History

The black bear claws you but does no damage.
You closely miss the black bear.
The black bear is moderately wounded.
You block the black bear's attack.
The black bear claws you but does no damage. x2
You slash the black bear!
The black bear is almost dead.
The black bear misses you.
The black bear claws you but does no damage.
The black bear closely misses you.
You hit the black bear.
The black bear is almost dead.
The black bear bites you.
The black bear claws you but does no damage.
The black bear completely misses you.
You slash the black bear!
You kill the black bear!
Okawaru accepts your kill.
No target in view!
HP restored.
You see here a +0 robe.
An ogre is nearby!
An ogre is nearby!
The ogre shouts!
You hit the ogre.
The ogre is lightly wounded.
The ogre hits you with a +0 giant spiked club!!
You slash the ogre!
The ogre is moderately wounded.
The ogre hits you with a +0 giant spiked club!!
* * * LOW HITPOINT WARNING * * *
You slash the ogre!
The ogre is severely wounded.
You hit the ogre but do no damage.
The ogre is severely wounded.
The ogre closely misses you.
You barely miss the ogre.
The ogre is severely wounded.
The ogre hits you with a +0 giant spiked club!!
You die...

#.....## #......#.#...........
#.....# #.##.....#..#######..
#.....# #.##..##.#..#########
#.....# #...>................
#.....# ####.....#..#########
#.....# #[#.#.#..###### #.....#
#[#.#.#.......# #.....#
#.#...#.......# #####.#
#.#...#.......#
......##########.............#
#######........O@.....#.#########
..#####.##########<#.............
.............O..........#........
#.#####......#####.#.####........
#..................#.####........
#######)..[..###.......##........
.......................##........
#######....#####.......##........
#.#####..........##!....... ###.#
#.##.......##........ #...#
#.##.................


You could see an ogre.

Vanquished Creatures
  A water moccasin (D:5)
  A black bear (D:5)
  2 centaurs (D:5)
  A bullfrog (D:6)
  A bombardier beetle (D:3)
  An orc priest (D:5)
  4 hounds
  An iguana (D:4)
  Ijyb (D:5)
  3 orc wizards
  4 gnolls (D:4)
  5 adders
  A white imp (D:5)
  2 ufetubi (D:6)
  3 dart slugs
  A ribbon worm (D:3)
  16 orcs
  5 endoplasms
  3 giant cockroaches
  4 goblins
  6 hobgoblins
  5 jackals
  3 kobolds (D:2)
  2 quokkas
  5 ball pythons
  3 bats
  A frilled lizard (D:1)
  5 rats
90 creatures vanquished.

Vanquished Creatures (others)
  A bombardier beetle (D:5)
1 creature vanquished.

Grand Total: 91 creatures vanquished

Notes
Turn   | Place    | Note
-------+----------+-------------------------------------------
     0 | D:1      | AlterAsc the Formicid Fighter began the quest for the Orb.
     0 | D:1      | Reached XP level 1. HP: 18/18 MP: 1/1
   266 | D:1      | Reached XP level 2. HP: 24/24 MP: 2/2
   377 | D:1      | Reached skill level 3 in Axes
   459 | D:1      | Found a faded altar of an unknown god.
   848 | D:2      | Reached XP level 3. HP: 29/29 MP: 3/3
  1294 | D:3      | Reached skill level 4 in Axes
  1294 | D:3      | Reached XP level 4. HP: 25/35 MP: 4/4
  1679 | D:3      | Found a radiant altar of Vehumet.
  1679 | D:3      | Noticed a frost-covered statue
  1707 | D:3      | Reached XP level 5. HP: 41/41 MP: 5/5
  1839 | D:4      | Reached skill level 5 in Axes
  2096 | D:4      | Reached XP level 6. HP: 28/47 MP: 6/6
  2290 | D:4      | Reached skill level 6 in Axes
  2862 | D:5      | Entered Level 5 of the Dungeon
  2885 | D:5      | Reached skill level 7 in Axes
  2885 | D:5      | Reached XP level 7. HP: 36/52 MP: 7/7
  2952 | D:5      | Noticed a water moccasin
  2965 | D:5      | Killed a water moccasin
  2967 | D:5      | Reached skill level 8 in Axes
  3050 | D:5      | Noticed Ijyb
  3097 | D:5      | Killed Ijyb
  3180 | D:5      | Found Siwnodd's Weapon Emporium.
  3238 | D:5      | Reached XP level 8. HP: 50/58 MP: 8/8
  3355 | D:5      | You fall into a shaft and drop 1 floor!
  3721 | D:6      | Reached skill level 9 in Axes
  3891 | D:5      | Found a staircase to the Ecumenical Temple.
  3902 | Temple   | Entered the Ecumenical Temple
  3909 | Temple   | Became a worshipper of Warmaster Okawaru
  4044 | D:5      | Mangled by an ogre

Illustrated notes

Levels and vault maps discovered:
D:1:      nicolae_arrival_somewhat_less_tricky_arrival, layout_basic,
          shapermc_ecumenical_altar_mp_vishouse
D:2:      layout_loops_cross
D:3:      layout_basic, vehumet_statue
D:4:      layout_basic, serial_glass, glass_columns_a, glass_columns_a
D:5:      layout_basic, minmay_temple_entry_sparse_star, serial_bayou,
          serial_bayou_pond_b, serial_bayou_pond_e, serial_bayou_shore_a,
          serial_bayou_shore_b, serial_shops, nicolae_shop_bloodbath_and_beyond,
          nicolae_shop_trees, uniq_ijyb, uniq_pikel
D:6:      layout_cave_pods, nicolae_specific_store, uniq_jeremiah
Temple:   cyrus_circular_temple

Skill      XL: |  1  2  3  4  5  6  7  8 |
---------------+-------------------------+-----
Axes           | 3 4 5 7 8 9 |  9.3
Fighting       | |  3.2
Armour         | |  3.2
Shields        | |  4.0

Action                     |  1- 3 |  4- 6 |  7- 9 || total
---------------------------+-------+-------+-------++-------
  Melee: War axe           |    72 |   111 |   109 ||   292
Ability: Dig               |     1 |     1 |       ||     2
         Shaft Self        |       |       |     1 ||     1
    Use: Scroll            |       |     1 |     3 ||     4
         Potion            |       |       |     1 ||     1
 Armour: Scale mail        |    59 |    55 |    81 ||   195
  Dodge: Dodged            |    28 |    36 |    47 ||   111
  Block: Buckler           |    14 |    66 |    61 ||   141
         Reflection        |       |     1 |     4 ||     5
